 Dungeon Crawl Stone Soup version 0.23-a0-164-g7711e57 (webtiles) character file.

36647 topirishpotato the Severer (level 14, -3/106 HPs)
             Began as a Formicid Fighter on Sept 9, 2018.
             Was a High Priest of Qazlal.
             Killed from afar by Azrael (45 damage)
             ... with damnation
             ... on level 14 of the Dungeon.
             The game lasted 00:35:10 (14986 turns).

topirishpotato the Severer (Formicid Fighter)      Turns: 14986, Time: 00:35:10

Health: -3/106     AC: 18    Str: 27    XL:     14   Next: 24%
Magic:  19/19      EV:  7    Int: 15    God:    Qazlal [*****.]
Gold:   973        SH: 27    Dex: 17    Spells: 13/13 levels left

rFire    . . .     SeeInvis +   g - +2 executioner's axe of Malaise {speed, +Rage rF- Int+3 Dex+4}
rCold    + . .     Gourm    +   E - +2 large shield {rPois}
rNeg     . . .     Faith    .   p - +2 chain mail {rC+}
rPois    +         Spirit   .   (helmet unavailable)
rElec    .         Reflect  .   G - +2 cloak
rCorr    .         Harm     .   (no gloves)
MR       +....                  C - +1 pair of boots
Stlth    ..........             c - amulet of the gourmand
HPRegen  0.27/turn              h - +6 ring of strength
MPRegen  0.16/turn              m - +4 ring of protection

@: protected from fire, repel missiles
A: permanent stasis, dig shafts and tunnels, four strong arms, antennae 3,
clever 1, deformed body, wild magic 2, no potion heal 1
a: Dig, Shaft Self, Upheaval, Elemental Force, Disaster Area, Renounce Religion


You were on level 14 of the Dungeon.
You worshipped Qazlal.
Qazlal was extremely pleased with you.
You were not hungry.

You visited 2 branches of the dungeon, and saw 15 of its levels.
You also visited: Ossuary.

You collected 973 gold pieces.

Inventory:

Hand Weapons
 g - the +2 executioner's axe of Malaise (weapon) {speed, +Rage rF- Int+3 Dex+4}
   (You acquired it on level 7 of the Dungeon)

   Attacks with this weapon are significantly faster.
   It affects your intelligence (+3).
   It affects your dexterity (+4).
   It makes you vulnerable to fire.
   It lets you go berserk.
 x - a +1 flail of flaming
Armour
 p - a +2 chain mail of cold resistance (worn)
 C - a +1 pair of boots (worn)
 E - a +2 large shield of poison resistance (worn)
 G - a +2 cloak (worn)
Jewellery
 c - an amulet of the gourmand (around neck)
 h - a +6 ring of strength (left hand)
 i - an uncursed ring of resist corrosion {unknown}
 m - a +4 ring of protection (right hand)
 q - an uncursed ring of flight
 s - an uncursed ring of magical power
 y - an uncursed amulet of magic regeneration
Wands
 k - a wand of digging (7)
 v - a wand of iceblast (9)
Scrolls
 a - 2 scrolls of enchant weapon
 d - 3 scrolls of identify
 e - 3 scrolls of magic mapping
 o - 4 scrolls of amnesia
 r - 8 scrolls of remove curse
 u - a scroll of enchant armour
 w - a scroll of fog
 B - a scroll of noise
 J - a scroll of fear
Potions
 b - 5 potions of brilliance
 j - a potion of ambrosia
 l - 11 potions of curing
 n - 5 potions of flight
 t - 3 potions of might
 D - a potion of cancellation
 L - a potion of heal wounds
Comestibles
 f - 23 rations


   Skills:
 + Level 8.7 Fighting
 * Level 17.6 Axes
 + Level 8.5 Armour
 + Level 10.6 Shields
 * Level 6.9 Invocations


You had 13 spell levels left.
You didn't know any spells.
Your spell library contained the following spells:

 Spells                   Type           Power        Failure   Level  Hunger
 Magic Dart               Conj           #...         99%         1    ##.....
 Call Imp                 Summ           #.......     100%        2    ###....
 Slow                     Hex            #.......     100%        2    ###....
 Conjure Flame            Conj/Fire      #.......     100%        3    ####...
 Mephitic Cloud           Conj/Pois/Air  #.......     100%        3    ####...
 Blink                    Tloc           Unusable     N/A         2    N/A

Dungeon Overview and Level Annotations

Branches:
Dungeon (14/15)            Temple (1/1) D:5            Lair (0/6) D:11
    Orc (0/2) D:12         Vaults (0/5) D:13

Altars:
Ashenzari
Cheibriados
Dithmenos
Elyvilon
Fedhas
Gozag
Hepliaklqana
Kikubaaqudgha
Makhleb
Nemelex Xobeh
Okawaru
Qazlal
Ru
Sif Muna
Trog
Uskayaw
Vehumet
Wu Jian
Xom
Yredelemnul
Zin
The Shining One

Shops:
D:4 (   D:10 *

Annotations:
D:14 Azrael


Innate Abilities, Weirdness & Mutations

You cannot be hasted, slowed, berserked, paralysed or teleported.
You can dig through walls and to a lower floor.
Your four strong arms can wield two-handed weapons with a shield.
You have a pair of large antennae on your head. (SInv)
Your mind is acute. (Int +2)
Armour fits poorly on your strangely shaped body.
Your spells are harder to cast, but more powerful.
Potions are less effective at restoring your health.


Message History

You hit Azrael but do no damage.
Azrael is moderately wounded.
You are covered in liquid flames!
You feel more protected from fire. You block Azrael's attack.
You slash Azrael!
Azrael is moderately wounded.
You are covered in liquid flames!
You hit Azrael.
Azrael is heavily wounded.
You are covered in liquid flames!
You block Azrael's attack.
You barely miss Azrael.
Azrael is heavily wounded.
You block Azrael's attack.
You slash Azrael!
Azrael is heavily wounded.
Azrael gestures at you.
The sphere of damnation explodes!
The damnation engulfs you!
You die...

#.#....# #.#.####
#.#.###########
#.<..........##
###.########.## #.# #...
#.# #######
.###########.#####.## #
EEhEEER@............# #
.###########.#####.#####
#.# #...... #.# #######
#.# #.# ..# ###


You could see Azrael, 5 fire elementals and a hell hound.

Vanquished Creatures
  Snorg (D:11)
  Fannar (D:11)
  Josephine (D:11)
  Erolcha (D:9)
  3 centaur warriors
  Erica (D:9)
  3 two-headed ogres
  A tengu warrior (D:14)
  A dancing weapon (D:14)
  2 cherubim (D:14)
  An unseen horror (D:11)
  Pikel (D:7)
  A necromancer (D:13)
  2 orc knights
  A wolf spider zombie (D:11)
  A deep elf mage (D:12)
  3 cyclopes
  2 ugly things
  A manticore (D:12)
  A guardian serpent (shapeshifter) (D:13)
  Maurice (D:9)
  A gargoyle (D:12)
  A komodo dragon (D:11)
  A kobold demonologist (D:14)
  2 trolls
  8 slime creatures
  A blink frog (shapeshifter) (D:13)
  8 hippogriffs
  3 shadows (D:11)
  2 wyverns
  A spriggan (D:7)
  5 wraiths
  29 yaks
  2 vampires
  A fire elemental (D:14)
  4 hungry ghosts
  A steam dragon (D:10)
  A basilisk (D:10)
  2 water moccasins
  Edmund (D:6)
  4 orc warriors
  A black bear (D:7)
  An ice beast (D:8)
  3 sky beasts
  The ghost of Deeps the Chopper, an amateur MiFi (D:4)
  5 phantoms
  A hornet zombie (D:14)
  4 necrophages (D:7)
  8 ogres
  3 centaurs
  2 big kobolds
  7 bullfrogs
  A wyvern skeleton (D:6)
  A water moccasin zombie (D:2)
  A scorpion (D:14)
  16 killer bees
  25 wights
  A howler monkey (D:7)
  2 bullfrog zombies
  8 jellies
  7 centaur zombies
  6 crimson imps
  6 hounds
  9 orc wizards
  3 human zombies (Ossuary)
  3 centaur skeletons
  6 orc priests
  5 bullfrog skeletons
  3 iguanas
  9 worker ants
  2 killer bee zombies (D:7)
  A big kobold zombie (Ossuary)
  A hound zombie (D:11)
  4 hound skeletons
  5 mummies
  A howler monkey zombie (D:7)
  2 worker ant zombies (D:7)
  3 gnolls
  10 adders
  7 shadow imps
  A white imp (D:12)
  4 oozes
  An adder skeleton (D:4)
  3 worms
  6 leopard geckos
  40 orcs
  3 ball pythons
  4 giant cockroaches
  3 hobgoblins
  13 jackals
  4 quokkas
  4 bats
  5 frilled lizards
  10 goblins
  2 goblin zombies (Ossuary)
  14 kobolds
  An orc zombie (Ossuary)
  A quokka skeleton (D:7)
  A quokka zombie (D:6)
  8 rats
  A plant (D:14)
421 creatures vanquished.

Vanquished Creatures (others)
  4 plants (D:14)
4 creatures vanquished.

Grand Total: 425 creatures vanquished

Notes
Turn   | Place    | Note
-------+----------+-------------------------------------------
     0 | D:1      | topirishpotato the Formicid Fighter began the quest for the
                  | Orb.
     0 | D:1      | Reached XP level 1. HP: 18/18 MP: 1/1
    79 | D:1      | Reached XP level 2. HP: 23/24 MP: 2/2
   343 | D:1      | Reached XP level 3. HP: 29/29 MP: 3/3
   820 | D:2      | Reached skill level 3 in Axes
   820 | D:2      | Reached XP level 4. HP: 20/37 MP: 4/4
  1160 | D:2      | Found a glowing golden altar of the Shining One.
  1401 | D:3      | Reached XP level 5. HP: 40/42 MP: 5/5
  1557 | D:3      | Found a basalt altar of Yredelemnul.
  1996 | D:4      | Reached skill level 4 in Axes
  2209 | D:4      | Found a transporter.
  2209 | D:4      | Noticed Deeps's ghost (amateur MiFi)
  2209 | D:4      | Noticed a hungry ghost
  2216 | D:4      | Found a transporter.
  2291 | D:4      | Reached XP level 6. HP: 44/48 MP: 6/6
  2300 | D:4      | Killed Deeps's ghost
  2300 | D:4      | Reached skill level 5 in Axes
  2306 | D:4      | Killed a hungry ghost
  2306 | D:4      | Reached XP level 7. HP: 24/54 MP: 7/7
  2739 | D:4      | Found Kuorch's Antique Weapon Emporium.
  2890 | D:5      | Entered Level 5 of the Dungeon
  3014 | D:5      | Found an opulent altar of Gozag.
  3014 | D:5      | Found a glowing silver altar of Zin.
  3128 | D:5      | Reached skill level 6 in Axes
  3310 | D:5      | Found a staircase to the Ecumenical Temple.
  3319 | Temple   | Entered the Ecumenical Temple
  3423 | D:5      | Found an iron altar of Okawaru.
  3452 | D:5      | Found a shattered altar of Ashenzari.
  3896 | D:6      | Gained mutation: You have large cloven feet. [potion of
                  | mutation]
  3896 | D:6      | Gained mutation: Your muscles are strong. (Str +2) [potion
                  | of mutation]
  3896 | D:6      | Gained mutation: You are partially covered in large bone
                  | plates. (SH +4) [potion of mutation]
  3920 | D:6      | Reached skill level 5 in Armour
  4004 | D:6      | Found a white marble altar of Elyvilon.
  4016 | D:6      | Noticed Edmund
  4025 | D:6      | Killed Edmund
  4025 | D:6      | Reached skill level 5 in Shields
  4025 | D:6      | Reached XP level 8. HP: 50/61 MP: 4/8
  4036 | D:6      | Found a stormy altar of Qazlal.
  4078 | D:6      | Reached skill level 7 in Axes
  4257 | D:6      | Reached skill level 8 in Axes
  4712 | D:7      | Reached XP level 9. HP: 53/67 MP: 9/9
  4733 | D:7      | Reached skill level 5 in Fighting
  4777 | D:7      | Reached skill level 9 in Axes
  4910 | D:7      | Noticed a hippogriff
  4917 | D:7      | Killed a hippogriff
  4962 | D:7      | Found a sand-covered staircase.
  4970 | Ossuary  | Entered an ossuary
  5287 | Ossuary  | Lost mutation: You have large cloven feet. [potion of
                  | mutation]
  5287 | Ossuary  | Lost mutation: You are partially covered in large bone
                  | plates. (SH +4) [potion of mutation]
  5287 | Ossuary  | Gained mutation: Your body sometimes deteriorates upon
                  | taking damage. [potion of mutation]
  5287 | Ossuary  | Gained mutation: Armour fits poorly on your strangely
                  | shaped body. [potion of mutation]
  5287 | Ossuary  | Gained mutation: You expend magic power (3 MP) to
                  | strengthen your wands. [potion of mutation]
  5287 | Ossuary  | Gained mutation: Your spells are a little harder to cast,
                  | but a little more powerful. [potion of mutation]
  5288 | Ossuary  | Lost mutation: You expend magic power (3 MP) to strengthen
                  | your wands. [potion of mutation]
  5288 | Ossuary  | Lost mutation: Your spells are a little harder to cast, but
                  | a little more powerful. [potion of mutation]
  5288 | Ossuary  | Lost mutation: Armour fits poorly on your strangely shaped
                  | body. [potion of mutation]
  5288 | Ossuary  | Lost mutation: Your muscles are strong. (Str +2) [potion of
                  | mutation]
  5288 | Ossuary  | Gained mutation: You are robust. (+10% HP) [potion of
                  | mutation]
  5288 | Ossuary  | Gained mutation: Potions are less effective at restoring
                  | your health. [potion of mutation]
  5288 | Ossuary  | Gained mutation: Your mind is acute. (Int +2) [potion of
                  | mutation]
  5289 | Ossuary  | Lost mutation: Your body sometimes deteriorates upon taking
                  | damage. [potion of mutation]
  5289 | Ossuary  | Lost mutation: You are robust. (+10% HP) [potion of
                  | mutation]
  5289 | Ossuary  | Gained mutation: Your spells are a little harder to cast,
                  | but a little more powerful. [potion of mutation]
  5289 | Ossuary  | Gained mutation: Armour fits poorly on your strangely
                  | shaped body. [potion of mutation]
  5289 | Ossuary  | Gained mutation: Your spells are harder to cast, but more
                  | powerful. [potion of mutation]
  5348 | D:7      | Reached skill level 10 in Axes
  5470 | D:7      | Noticed a hippogriff
  5474 | D:7      | Reached XP level 10. HP: 29/74 MP: 10/10
  5480 | D:7      | HP: 3/74 [hippogriff (6)]
  5802 | D:7      | Noticed Pikel
  5812 | D:7      | Killed Pikel
  5812 | D:7      | Reached skill level 11 in Axes
  6002 | D:7      | Identified a scroll of acquirement
  6003 | D:7      | Got a slimy executioner's axe
  6004 | D:7      | Identified the +2 executioner's axe of Malaise {speed,
                  | +Rage rF- Int+3 Dex+4} (You acquired it on level 7 of the
                  | Dungeon)
  6584 | D:8      | Found a snail-covered altar of Cheibriados.
  7080 | D:6      | Became a worshipper of Qazlal Stormbringer
  7285 | D:9      | Noticed Erica
  7292 | D:9      | Killed Erica
  7294 | D:9      | Reached skill level 12 in Axes
  7329 | D:9      | Noticed Erolcha
  7330 | D:9      | Reached XP level 11. HP: 57/81 MP: 11/11
  7715 | D:9      | Reached * piety under Qazlal
  7724 | D:9      | Killed Erolcha
  7724 | D:9      | Reached skill level 13 in Axes
  8062 | D:9      | Noticed a two-headed ogre
  8072 | D:9      | Killed a two-headed ogre
  8376 | D:9      | Noticed a two-headed ogre
  8383 | D:9      | Killed a two-headed ogre
  8424 | D:9      | Noticed Maurice
  8453 | D:9      | Killed Maurice
  8864 | D:9      | Reached skill level 14 in Axes
  9115 | D:10     | Entered Level 10 of the Dungeon
  9153 | D:10     | Reached ** piety under Qazlal
  9233 | D:10     | Reached XP level 12. HP: 61/91 MP: 12/12
  9729 | D:10     | Got an ebony hand crossbow
  9730 | D:10     | Identified the cursed +1 hand crossbow of Qysyoc {venom,
                  | rPois rF+ MR+ Dex+2} (You took it off a wight on level 10
                  | of the Dungeon)
  9843 | D:10     | Noticed an angel
  9848 | D:10     | Found Hasaguur's Hallowed Reliquary.
  9848 | D:10     | Found a glowing golden altar of the Shining One.
 10122 | D:11     | Reached skill level 1 in Invocations
 10143 | D:11     | Got a slimy robe
 10144 | D:11     | Identified the +1 robe "Zuokoiq" {-Tele rC+ Str+2 Stlth+}
                  | (You found it on level 11 of the Dungeon)
 10168 | D:11     | Noticed Snorg
 10219 | D:11     | Killed Snorg
 10570 | D:11     | Noticed an unseen horror
 10578 | D:11     | Killed an unseen horror
 10588 | D:11     | Noticed a centaur warrior
 10599 | D:11     | Killed a centaur warrior
 10599 | D:11     | Reached skill level 15 in Axes
 10835 | D:11     | Noticed Fannar
 10846 | D:11     | Noticed Josephine
 10858 | D:11     | Killed Fannar
 10876 | D:11     | Killed Josephine
 10895 | D:11     | Reached *** piety under Qazlal
 11016 | D:11     | Reached XP level 13. HP: 35/98 MP: 16/16
 11236 | D:11     | Found a staircase to the Lair.
 11834 | D:12     | Found a staircase to the Orcish Mines.
 11920 | D:12     | Reached skill level 16 in Axes
 11921 | D:12     | Reached **** piety under Qazlal
 11921 | D:12     | Reached skill level 5 in Invocations
 11931 | D:12     | Reached skill level 10 in Shields
 13028 | D:13     | Noticed a centaur warrior
 13035 | D:13     | Killed a centaur warrior
 13241 | D:12     | Reached skill level 17 in Axes
 13693 | D:13     | Reached ***** piety under Qazlal
 14018 | D:13     | Reached XP level 14. HP: 106/106 MP: 18/18
 14211 | D:13     | Found a gate to the Vaults.
 14969 | D:14     | Noticed Azrael
 14986 | D:14     | Killed from afar by Azrael

Vault maps used:
D:1:      lemuel_arrival_rhombus
D:2:      tso_metal_star, first_ration, item_on_display_a
D:3:      yredelemnul_altar_generic
D:4:      serial_shops, nicolae_shop_behind_doors, gammafunk_ghost_mausoleum,
          minivault_11
D:5:      grunt_temple_overflow_gold_and_silver, nicolae_overflow_crystal_walls,
          minmay_temple_entry_junction, portal_sewer_entry_b, st_stairs_6,
          okawaru_gym_becter
D:6:      lemuel_doored_altar, old_standard_altar, uniq_edmund
D:7:      enter_ossuary_1, serial_undead, serial_undead_a, serial_undead_b,
          serial_undead_c, serial_undead_d, the_bakery, uniq_pikel
D:8:      lemuel_round_altar
D:9:      nrook_mini_backslash, uniq_erolcha, uniq_maurice, uniq_erica
D:10:     nicolae_good_shop
D:11:     minmay_the_grid_four_pointed_star, lair_entry_dummy, uniq_fannar,
          uniq_josephine, uniq_snorg
D:12:     orc_0_dummy, minmay_fire_ice_demons
D:13:     david_vaults_4, enter_bailey_3
D:14:     ebering_ghost_rock_garden, pf_eden, uniq_azrael, uniq_agnes
Temple:   nicolae_temple_great_sept
Ossuary:  ossuary_crypta

Skill      XL: |  1  2  3  4  5  6  7  8  9 10 11 12 13 |
---------------+----------------------------------------+-----
Shields        | 4 5 6 7 8 9 10 | 10.6
Axes           | 3 4 5 6 8 10 12 14 15 17 | 17.6
Armour         | 4 5 6 7 8 |  8.5
Fighting       | 4 5 6 7 8 |  8.7
Invocations    | 4 6 |  6.9

Action                   |  1- 3 |  4- 6 |  7- 9 | 10-12 | 13-15 || total
-------------------------+-------+-------+-------+-------+-------++-------
Melee: War axe           |    57 |   116 |   280 |    16 |       ||   469
       Kick              |       |       |    68 |       |       ||    68
       Executioner's axe |       |       |       |   485 |   425 ||   910
Evoke: Wand              |       |       |       |       |     1 ||     1
  Use: Potion            |       |     1 |     9 |     8 |     4 ||    22
       Scroll            |       |       |    13 |     9 |     2 ||    24
  Eat: Chunk             |       |     4 |     8 |     3 |    10 ||    25
       Ration            |       |     1 |     1 |     5 |     1 ||     8
Armor: Scale mail        |    11 |       |       |       |       ||    11
       Chain mail        |    13 |    80 |    75 |   103 |    29 ||   300
       Plate armour      |       |       |       |       |    30 ||    30
Dodge: Dodged            |    17 |    47 |    48 |    90 |    29 ||   231
       Deflected         |       |       |       |       |     4 ||     4
Block: Shield            |    32 |    89 |   173 |   228 |       ||   522
       Large shield      |       |       |       |   183 |   408 ||   591

Table legend:
 A = Non-vault XP
 B = Vault XP
 C = Vault XP percentage of total XP
 D = Non-vault monster count
 E = Vault monster count
 F = Vault count percentage of total count
                 A         B        C        D         E       F
            +---------+---------+-------+---------+---------+-------
      Total |   35272 |   17081 |  32.6 |     352 |      68 |  16.2
            +---------+---------+-------+---------+---------+-------
        D:1 |      37 |       0 |   0.0 |      18 |       0 |   0.0
        D:2 |      94 |       0 |   0.0 |      11 |       0 |   0.0
        D:3 |      72 |       0 |   0.0 |      26 |       0 |   0.0
        D:4 |     110 |     375 |  77.3 |      12 |       4 |  25.0
        D:5 |     155 |       5 |   3.1 |       6 |       3 |  33.3
        D:6 |     892 |     157 |  15.0 |      23 |       1 |   4.2
        D:7 |    1130 |    1633 |  59.1 |      18 |      15 |  45.5
        D:8 |    1461 |       0 |   0.0 |      31 |       0 |   0.0
        D:9 |    5280 |    2347 |  30.8 |      38 |       3 |   7.3
       D:10 |    2717 |       0 |   0.0 |      30 |       0 |   0.0
       D:11 |    3495 |    7823 |  69.1 |      37 |      17 |  31.5
       D:12 |   10173 |      60 |   0.6 |      55 |       2 |   3.5
       D:13 |    5631 |    1938 |  25.6 |      31 |       8 |  20.5
       D:14 |    4025 |    2485 |  38.2 |      16 |       4 |  20.0
    Ossuary |       0 |     258 | 100.0 |       0 |      11 | 100.0
            +---------+---------+-------+---------+---------+-------
